 Dungeon Crawl Stone Soup version 0.23.1 (webtiles) character file.

Game seed: 0

92063 Irenicus the Earth Mage (level 15, -5/108 HPs)
             Began as a Deep Dwarf Earth Elementalist on Mar 19, 2019.
             Was the Champion of Makhleb.
             Splashed by a deep elf sorcerer's acid (6 damage)
             ... on level 3 of the Elven Halls.
             The game lasted 01:52:18 (10181 turns).

Irenicus the Earth Mage (DDEE)                     Turns: 10181, Time: 01:52:18

Health: -5/108     AC: 23    Str: 11    XL:     15   Next: 56%
Magic:  5/37 (28)  EV: 10    Int: 34    God:    Makhleb [******]
Gold:   1101       SH:  6    Dex: 21    Spells: 19/34 levels left

rFire    + + +     SeeInvis .   z - +3 eveningstar "Doryhej" {crush, -Tele MP+9 Int+2}
rCold    + . .     Gourm    .   l - +0 buckler
rNeg     + . .     Faith    .   L - +1 scale mail "Fehaick" {*Drain rF+ Int+4}
rPois    +         Spirit   .   m - +2 helmet {Int+3}
rElec    +         Reflect  .   j - scarf {rC+ rF+}
rCorr    .         Harm     .   g - +2 pair of gloves
MR       +++..     NoTele   +   F - +0 pair of boots
Stlth    ++++......             J - amulet of Uluexel {Acrobat MR+ Int+3 Dex+6}
HPRegen  0.00/turn              o - +5 ring of protection
MPRegen  0.25/turn              c - ring of Conformity {rElec rPois rF+ Str-3}

@: very slightly contaminated, non-regenerating
A: damage resistance, heal wounds, talons 1, agile 1, clever 1, negative energy
resistance 1, sense surroundings 2, evolution 1, no regeneration
a: Heal Wounds, Minor Destruction, Lesser Servant of Makhleb, Major Destruction,
Greater Servant of Makhleb, Renounce Religion


You were on level 3 of the Elven Halls.
You worshipped Makhleb.
Makhleb was exalted by your worship.
You were not hungry.

You visited 4 branches of the dungeon, and saw 21 of its levels.
You also visited: Sewer and Gauntlet.

You collected 2063 gold pieces.
You spent 962 gold pieces at shops.

Inventory:

Hand Weapons
 f - a +9 dagger
   (You took it off an orc wizard on level 4 of the Dungeon)
 z - the +3 eveningstar "Doryhej" (weapon) {crush, -Tele MP+9 Int+2}
   (You took it off a deep elf mage on level 3 of the Elven Halls)

   It inflicts extra damage upon your enemies.
   It affects your intelligence (+2).
   It affects your magic capacity (+9).
   It prevents most forms of teleportation.
Missiles
 q - 29 stones (quivered)
Armour
 g - a +2 pair of gloves (worn)
   (You found it on level 1 of the Dungeon)
 j - a scarf of resistance (worn)
   (You found it on level 4 of the Dungeon)
 l - a +0 buckler (worn)
   (You took it off a tengu conjurer on level 14 of the Dungeon)
 m - a +2 helmet of intelligence (worn)
   (You found it in a Gauntlet)
 t - the +2 robe "Yrixacam" {rCorr}
   (You took it off Robin on level 4 of the Dungeon)

   It provides partial protection from all sources of acid and corrosion.
 C - the +3 robe of Folly {Archmagi, MR-- Int+5}
   (You took it off a deep elf mage on level 3 of the Elven Halls)

   It affects your intelligence (+5).
   It affects your resistance to hostile enchantments.
 D - +0 steam dragon scales
   (You found it on level 5 of the Dungeon)
 F - a +0 pair of boots (worn)
   (You found it on level 11 of the Dungeon)
 L - the +1 scale mail "Fehaick" (worn) {*Drain rF+ Int+4}
   (You bought it in a shop on level 15 of the Dungeon)

   It affects your intelligence (+4).
   It protects you from fire.
   It causes draining when unequipped.
Magical Staves
 E - an uncursed staff of earth
   (You acquired it on level 11 of the Dungeon)
Jewellery
 a - an uncursed ring of protection from magic {MR+, !d}
   (You took it off a kobold on level 12 of the Dungeon)
 c - the ring of Conformity (right hand) {rElec rPois rF+ Str-3}
   (You found it on level 13 of the Dungeon)

   [ring of protection from fire]

   It affects your strength (-3).
   It protects you from fire.
   It insulates you from electricity.
   It protects you from poison.
 o - a +5 ring of protection (left hand)
   (You found it on level 3 of the Dungeon)
 r - an uncursed ring of protection from cold {rC+, !d}
   (You found it on level 4 of the Dungeon)
 x - an uncursed ring of poison resistance {rPois, !d}
   (You found it on level 4 of the Dungeon)
 J - the amulet of Uluexel (around neck) {Acrobat MR+ Int+3 Dex+6}
   (You found it on level 8 of the Dungeon)

   [amulet of the acrobat]

   It helps you evade while moving and waiting.
   It affects your intelligence (+3).
   It affects your dexterity (+6).
   It affects your resistance to hostile enchantments.
 K - an uncursed ring of ice {rC+, rF-}
   (You took it off Fannar on level 1 of the Orcish Mines)
 W - an uncursed amulet of rage {+Rage, !d}
   (You found it in a Gauntlet)
Wands
 b - a wand of flame (8)
   (You took it off Natasha on level 3 of the Dungeon)
 u - a wand of iceblast (7)
   (You found it on level 4 of the Dungeon)
 B - a wand of digging (11)
   (You found it on level 7 of the Dungeon)
 N - a wand of scattershot (2)
   (You found it in a Gauntlet)
 T - a wand of paralysis (2)
   (You found it on level 14 of the Dungeon)
Scrolls
 e - 10 scrolls of remove curse
 i - 4 scrolls of teleportation
 n - 3 scrolls of immolation {!r}
 p - 2 scrolls of enchant armour
 y - a scroll of magic mapping {!r}
 G - 4 scrolls of blinking {!r}
 H - a scroll of enchant weapon
 V - 3 scrolls of fear
 Z - 2 scrolls of identify
Potions
 h - a potion of might
 k - a potion of magic
 s - 2 potions of flight
 v - a potion of lignification {!q}
 w - a potion of resistance
 A - a potion of heal wounds
 I - 3 potions of curing
 M - 2 potions of cancellation
 P - 3 potions of brilliance
 Q - 2 potions of ambrosia
 S - a potion of agility
 X - a potion of haste
Miscellaneous
 O - a phial of floods (inert)
   (You found it on level 9 of the Dungeon)
 R - a fan of gales
   (You found it on level 10 of the Dungeon)
 U - a lamp of fire (inert)
   (You found it on level 11 of the Dungeon)
 Y - 2 phantom mirrors
Comestibles
 d - 24 rations


   Skills:
 - Level 0.1 Fighting
 - Level 6.4 Short Blades
 + Level 11.9 Armour
 - Level 2.1 Dodging
 - Level 13.3 Stealth
 - Level 6.2 Shields
 - Level 10.0 Spellcasting
 - Level 1.4 Conjurations
 - Level 10.1 Transmutations
 + Level 18.5 Earth Magic
 - Level 6.0 Evocations


You had 19 spell levels left.
You knew the following spells:

 Your Spells              Type           Power        Failure   Level  Hunger
a - Sandblast             Erth           ######       0%          1    None
c - Petrify               Tmut/Erth      #######.     1%          4    None
w - Passwall              Tmut/Erth      #######.     1%          2    None
x - Stone Arrow           Conj/Erth      ######       1%          3    None
z - Lee's Rapid Deconstr  Erth           #######...   1%          5    ##.....

Your spell library contained the following spells:

 Spells                   Type           Power        Failure   Level  Hunger
 Sting                    Conj/Pois      ###.         8%          1    None
 Animate Skeleton         Necr           N/A          10%         1    None
 Confusing Touch          Hex            ###...       10%         1    None
 Corona                   Hex            ###....      10%         1    None
 Pain                     Necr           ###.         10%         1    None
 Ensorcelled Hibernation  Hex/Ice        ###...       16%         2    None
 Poisonous Vapours        Pois/Air       ###...       16%         2    None
 Bolt of Magma            Conj/Fire/Erth ######....   19%         5    ##.....
 Dazzling Spray           Conj/Hex       ###...       22%         3    None
 Mephitic Cloud           Conj/Pois/Air  ###.....     26%         3    None
 Iron Shot                Conj/Erth      ######....   26%         6    #####..
 Confuse                  Hex            ###.....     30%         3    None
 Gell's Gravitas          Tloc           ###.......   30%         3    None
 Tukima's Dance           Hex            ###.....     30%         3    None
 Vampiric Draining        Necr           ###.......   30%         3    None
 Yara's Violent Unravell  Hex/Tmut       ######....   34%         5    ##.....
 Force Lance              Conj/Tloc      ###.....     58%         4    None
 Animate Dead             Necr           N/A          69%         4    None
 Olgreb's Toxic Radiance  Pois           ###.....     69%         4    None
 Fireball                 Conj/Fire      ###.......   91%         5    ##.....
 Iskenderun's Battlesphe  Conj/Chrm      ###.....     91%         5    ##.....
 Venom Bolt               Conj/Pois      ###.......   91%         5    ##.....
 Metabolic Englaciation   Hex/Ice        ###.......   95%         5    ##.....
 Orb of Destruction       Conj           ####......   100%        7    ######.
 Spellforged Servitor     Conj/Summ      ###.......   100%        7    ######.
 Regeneration             Chrm/Necr      Unusable     N/A         3    N/A

Dungeon Overview and Level Annotations

Branches:
Dungeon (15/15)            Temple (1/1) D:5            Lair (0/6) D:9
    Orc (2/2) D:12            Elf (3/3) Orc:2        Vaults (0/5) D:14
 Depths: D:15

Altars:
Ashenzari
Cheibriados
Dithmenos
Elyvilon
Fedhas
Gozag
Hepliaklqana
Kikubaaqudgha
Makhleb
Nemelex Xobeh
Okawaru
Qazlal
Ru
Sif Muna
Trog
Uskayaw
Vehumet
Wu Jian
Xom
Yredelemnul
Zin
The Shining One
Beogh
Lugonu

Shops:
D:12 [   D:15 [   Orc:2 !*[([

Annotations:
D:3 3 runed translucent doors, Curus's ghost, amateur MiMo
D:8 1 transporter
D:12 exclusion: ice statue


Innate Abilities, Weirdness & Mutations

You are resistant to damage.
You can heal yourself by infusing magical energy.
You resist negative energy. (rN+)
You passively map the area around you.
You do not regenerate.
You have sharp toenails.
You are agile. (Dex +2)
Your mind is acute. (Int +2)
You evolve.


Message History

Makhleb accepts your kill.
You feel better.
q - 29 stones The deep elf master archer wields a +0 longbow.
The deep elf master archer shoots an arrow.
The arrow closely misses you.
You hear a shout!
Health restored: 108 You now have 3/37 mp.
The deep elf master archer shoots an arrow.
The arrow completely misses you.
A deep elf sorcerer comes into view. It is wielding a +0 dagger.
The deep elf sorcerer shouts!
You hear a shout! x2
You hear a shout! x6
The deep elf master archer shoots an arrow.
The arrow misses you.
The deep elf sorcerer wildly gestures.
The deep elf sorcerer shimmers violently.
The deep elf master archer shoots an arrow.
The arrow completely misses you.
You hear a shout! x2
Items here: ( )) ? [ † a +3 rapier of venom; a scroll of identify; a +0 longbow; 13 arrows a cursed +0 leather armour; an elf corpse
Z - 2 scrolls of identify (gained 1)
The deep elf master archer shoots an arrow.
The arrow hits you!!
You take 16 damage, and have 92/108 hp.
Aim: a deep elf master archer, wielding a +0 longbow and wearing a +0 leather armour (chance to defeat MR: 6%)
Okay, then.
Okay, then.
The deep elf master archer shoots an arrow.
The arrow completely misses you.
The deep elf master archer shoots an arrow.
The arrow hits you!
You see here an arrow.
You take 5 damage, and have 87/108 hp.
The deep elf master archer shoots an arrow.
The arrow hits you!
You see here an arrow.
You take 16 damage, and have 71/108 hp.
A deep elf sorcerer and a deep elf blademaster come into view.
The deep elf blademaster is wielding two +2 rapiers of holy wrath.
The deep elf master archer shoots an arrow.
The arrow misses you.
The deep elf sorcerer casts a spell.
The deep elf sorcerer seems to speed up.
The deep elf master archer shoots an arrow.
The arrow hits you!!
The deep elf blademaster moves out of view.
The deep elf sorcerer moves out of view.
A deep elf knight comes into view.
It is wielding a +0 short sword of venom.
You see here an arrow.
You take 20 damage, and have 51/108 hp.
The deep elf master archer shoots an arrow.
The arrow hits you!
A deep elf annihilator comes into view. It is wielding a +0 long sword.
You see here an arrow.
You take 6 damage, and have 45/108 hp.
Really read
n - 4 scrolls of immolation {!r}?
Really read the scroll of immolation?
As you read the scroll of immolation {!r}, it crumbles to dust.
The creatures around you are filled with an inner flame!
The deep elf master archer shoots an arrow.
The arrow hits you!!
* * * LOW HITPOINT WARNING * * *
You block the deep elf sorcerer's attack.
A deep elf master archer comes into view.
The deep elf sorcerer hits you but does no damage.
You take 16 damage, and have 29/108 hp.
Aim the lamp in which direction?
Aim: a deep elf master archer, wearing a +0 leather armour The trail of fire hits the deep elf blademaster!
The trail of fire hits the deep elf annihilator!
The trail of fire hits the deep elf master archer.
The trail of fire hits the deep elf blademaster!
The trail of fire misses the deep elf annihilator.
The trail of fire hits the deep elf master archer!
The deep elf sorcerer casts a spell at you.
You resist with almost no effort.
The deep elf knight mumbles some strange words.
The deep elf knight seems to speed up.
The deep elf annihilator is engulfed in blazing flames.
A deep elf demonologist comes into view.
It is wielding a +0 rapier.
The deep elf blademaster is engulfed in blazing flames.
The deep elf master archer is engulfed in blazing flames.
Aim: a deep elf annihilator, wielding a +0 long sword and wearing a +0 leather armour (flame, moderately wounded, inner flame)
The mass of ice explodes!
The iceblast engulfs the deep elf annihilator!
The iceblast engulfs the deep elf master archer!!
The iceblast engulfs the deep elf knight!!
The iceblast engulfs the deep elf master archer!
The iceblast engulfs the deep elf sorcerer!
You hear a shout! x5
The deep elf sorcerer hits you but does no damage.
The deep elf sorcerer points at you and mumbles some strange words.
The bolt of acid hits you!!
* * * LOW HITPOINT WARNING * * *
You are splashed with acid!
You die...

##.%...%.##,* ***** *,,,,,
#)(#.####*,************,,,*
#)#(.# *,,,,,,,,,,* *,,,*
####(#### **********,*
****+ ####.%)))(.#### *,*
** #...%%.))(..(%#### *,* *
%.%..#...#..)....### *,*
..%.%.%......(.....#*****,*
.####....%####(e@e##,,,**,*
**,,#######,,###§e#,,,***,*
,,,,,,,,,,,,,,,eee#,*,* *,*
,*,,,,,,,,,,,*.§e##,,,* *,*
*** ***,*,,⌠,,***##§§#,,,**
*,* **,**
,,,*,,,,,,,*,,e§§#,*,*
*,***,,,*
,,,,,,,,,,,,,,§.##,,,*
*,**,,,,,
,*,,,*,,,*,,,#..*,,,**
*,*,,,*,,
,*****,,,*****,,*,*,*
*,,,,*8*,


You could see a deep elf blademaster (inner flame), 2 deep elf master archers, a
deep elf annihilator (inner flame), 2 deep elf sorcerers, a deep elf
demonologist and a deep elf knight (inner flame).

Vanquished Creatures
  A deep elf master archer (Elf:3)
  2 deep elf blademasters (Elf:3)
  4 deep elf sorcerers (Elf:3)
  An orc warlord (Orc:2)
  2 deep elf elementalists (Elf:3)
  5 deep elf annihilators
  A deep elf demonologist (Elf:3)
  A minotaur (Gauntlet)
  2 deep elf death magi (Elf:3)
  Josephine (Orc:1)
  2 deep elf high priests (Elf:3)
  Fannar (Orc:1)
  Erolcha (D:10)
  2 hydras
  2 centaur warriors
  8 dancing weapons
  7 two-headed ogres
  3 tengu warriors
  3 orc high priests (Orc:2)
  8 deep elf knights
  4 unseen horrors
  2 wizards
  An orc knight (Orc:1)
  7 deep elf archers
  A manticore (D:14)
  4 orc sorcerers
  22 deep elf magi
  4 cyclopes
  10 ugly things
  A centaur zombie (D:13)
  A torpor snail (Gauntlet)
  2 centaur skeletons (D:14)
  A kobold demonologist (D:15)
  2 efreet (D:14)
  A freezing wraith (D:14)
  An ancient zyme (D:8)
  A tengu conjurer (D:14)
  8 trolls
  A queen bee (shapeshifter) (Elf:2)
  3 polar bears (D:12)
  3 hornets
  Grinder (D:4)
  2 slime creatures
  4 hippogriffs
  7 large abominations
  An air elemental (Elf:1)
  Sigmund (D:3)
  A spriggan (D:11)
  A vampire (D:14)
  3 water elementals
  A fire elemental (Elf:3)
  5 wraiths
  10 yaks
  A hungry ghost (D:14)
  A steam dragon (D:5)
  A basilisk (D:12)
  3 vampire mosquitoes (D:13)
  A warg (Orc:2)
  An acid dragon (D:15)
  4 water moccasins
  30 orc warriors
  A black bear (D:6)
  Purgy (Sewer)
  A sky beast (D:9)
  An eye of draining (D:12)
  5 ice beasts
  3 phantoms
  9 centaurs
  A necrophage (D:14)
  6 ogres
  15 small abominations
  4 big kobolds
  8 bullfrogs
  3 earth elementals
  A wyvern skeleton (D:13)
  2 water moccasin zombies
  4 scorpions
  4 killer bees (D:7)
  3 wights (D:14)
  6 jellies
  4 crimson imps
  A bullfrog zombie (D:7)
  3 hounds
  A bullfrog skeleton (D:7)
  21 orc priests
  Crazy Yiuf (D:3)
  5 iguanas
  29 orc wizards
  Natasha (thrice) (D:3)
  Ijyb (D:3)
  3 worker ants
  A hound zombie (D:6)
  A hound skeleton (D:10)
  Robin (D:4)
  7 gnolls
  9 adders
  6 shadow imps
  4 white imps
  An adder zombie (D:8)
  2 dart slugs (D:1)
  2 worms
  3 leopard geckos
  110 orcs
  5 giant cockroaches
  15 goblins
  7 hobgoblins
  14 jackals
  27 kobolds
  4 quokkas
  4 ball pythons
  5 bats
  4 frilled lizards
  3 quokka skeletons
  8 rats
  A crawling corpse (Elf:3)
610 creatures vanquished.

Vanquished Creatures (collateral kills)
  A deep elf master archer (Elf:3)
  A centaur zombie (D:12)
  An orc (Orc:2)
  2 jackals (D:10)
5 creatures vanquished.

Vanquished Creatures (others)
  A dancing weapon (Elf:2)
  An orc wizard (Orc:1)
  A shadow imp (D:14)
  2 crawling corpses (Elf:3)
  4 plants (D:9)
9 creatures vanquished.

Grand Total: 624 creatures vanquished

Notes
Turn   | Place    | Note
-------+----------+-------------------------------------------
     0 | D:1      | Irenicus the Deep Dwarf Earth Elementalist began the quest
                  | for the Orb.
     0 | D:1      | Reached XP level 1. HP: 15/15 MP: 3/3
   108 | D:1      | Reached skill level 2 in Spellcasting
   319 | D:1      | Reached XP level 2. HP: 22/22 MP: 0/5
   331 | D:1      | Learned a level 2 spell: Passwall
   464 | D:1      | Reached skill level 5 in Earth Magic
   758 | D:2      | Reached XP level 3. HP: 28/28 MP: 3/6
   853 | D:2      | Found a glowing golden altar of the Shining One.
   976 | D:3      | Reached skill level 6 in Earth Magic
   985 | D:3      | Noticed Ijyb
  1096 | D:3      | Learned a level 3 spell: Stone Arrow
  1109 | D:3      | Noticed Natasha
  1112 | D:3      | Killed Natasha
  1112 | D:3      | Reached skill level 1 in Conjurations
  1112 | D:3      | Reached XP level 4. HP: 33/36 MP: 2/7
  1127 | D:3      | Found a glowing drain.
  1312 | D:3      | Noticed Natasha
  1340 | D:3      | Killed Natasha
  1340 | D:3      | Reached skill level 1 in Short Blades
  1342 | D:3      | Noticed Natasha
  1362 | D:3      | Killed Ijyb
  1362 | D:3      | Reached XP level 5. HP: 42/42 MP: 0/8
  1376 | D:3      | Killed Natasha
  1376 | D:3      | Reached skill level 2 in Short Blades
  1502 | D:3      | Found a runed translucent door.
  1503 | D:3      | Noticed Crazy Yiuf
  1532 | D:3      | Killed Crazy Yiuf
  1560 | Sewer    | Entered a sewer
  1586 | Sewer    | Reached skill level 3 in Short Blades
  1624 | Sewer    | Noticed Purgy
  1630 | Sewer    | Killed Purgy
  1630 | Sewer    | Reached XP level 6. HP: 19/49 MP: 0/9
  1789 | D:3      | Found a runed translucent gate.
  1789 | D:3      | Noticed Sigmund
  1790 | D:3      | Found a runed translucent gate.
  1790 | D:3      | Noticed Curus's ghost (amateur MiMo)
  1791 | D:3      | Found a runed translucent gate.
  1795 | D:3      | Killed Sigmund
  1795 | D:3      | Reached skill level 5 in Short Blades
  1837 | D:2      | Found a shimmering altar of Xom.
  1928 | D:4      | Noticed Grinder
  1955 | D:4      | HP: 3/49 [orc priest/divine providence (11)]
  1961 | D:4      | HP: 9/49 [something (5)]
  1962 | D:4      | Gained mutation: You are agile. (Dex +2) [potion of
                  | mutation]
  1962 | D:4      | Gained mutation: You evolve. [potion of mutation]
  1965 | D:4      | HP: 2/49 [something (5)]
  1979 | D:4      | Reached XP level 7. HP: 17/55 MP: 0/10
  2007 | D:4      | Found a glowing silver altar of Zin.
  2009 | D:4      | HP: 11/55 [Grinder/nerve-wracking pain (6)]
  2027 | D:4      | HP: 8/55 [phantom (3)]
  2030 | D:4      | HP: 2/55 [phantom (6)]
  2138 | D:4      | Reached skill level 1 in Evocations
  2154 | D:4      | Reached skill level 6 in Short Blades
  2154 | D:4      | Reached skill level 2 in Evocations
  2208 | D:4      | Identified the +2 robe "Yrixacam" {rCorr}
  2208 | D:4      | Noticed Robin
  2215 | D:4      | HP: 12/55 [goblin[Robin] (3)]
  2227 | D:4      | Killed Robin
  2234 | D:4      | Reached skill level 3 in Evocations
  2235 | D:4      | HP: 11/55 [goblin/stone[Robin] (1)]
  2250 | D:4      | Killed Grinder
  2250 | D:4      | Reached skill level 5 in Evocations
  2270 | D:4      | Reached skill level 6 in Evocations
  2270 | D:4      | Reached XP level 8. HP: 37/62 MP: 1/12
  2393 | D:5      | Entered Level 5 of the Dungeon
  2494 | D:5      | Found a deep blue altar of Sif Muna.
  2662 | D:5      | Reached skill level 7 in Earth Magic
  2708 | D:5      | Reached skill level 3 in Stealth
  2776 | D:5      | Found a shadowy altar of Dithmenos.
  2880 | D:5      | You fall through a shaft for 3 floors!
  2928 | D:8      | Reached skill level 4 in Stealth
  3140 | D:5      | Reached skill level 8 in Earth Magic
  3154 | D:5      | Reached skill level 5 in Stealth
  3191 | D:5      | Found a staircase to the Ecumenical Temple.
  3200 | Temple   | Entered the Ecumenical Temple
  3216 | Temple   | Became a worshipper of Makhleb the Destroyer
  3307 | D:6      | Found a radiant altar of Vehumet.
  3350 | D:6      | Reached skill level 6 in Stealth
  3389 | D:6      | Found an iron altar of Okawaru.
  3476 | D:6      | Reached skill level 9 in Earth Magic
  3476 | D:6      | Gained mutation: You passively map the area around you.
                  | [Deep Dwarf growth]
  3476 | D:6      | Reached XP level 9. HP: 27/68 MP: 11/13
  3626 | D:7      | Gained mutation: Your mind is acute. (Int +2) [evolution]
  3650 | D:7      | Learned a level 5 spell: Lee's Rapid Deconstruction
  3874 | D:7      | Reached skill level 7 in Stealth
  3980 | D:7      | Reached * piety under Makhleb
  4010 | D:7      | Found an ancient bone altar of Kikubaaqudgha.
  4034 | D:7      | Reached skill level 10 in Earth Magic
  4100 | D:8      | Reached skill level 8 in Stealth
  4144 | D:8      | Found a hide-covered altar of Uskayaw.
  4151 | D:8      | Got a crude zirconium amulet
  4152 | D:8      | Identified the amulet of Uluexel {Acrobat MR+ Int+3 Dex+6}
                  | (You found it on level 8 of the Dungeon)
  4234 | D:8      | Noticed an ancient zyme
  4235 | D:8      | Found a corrupted altar of Lugonu.
  4237 | D:8      | Noticed a purple ugly thing
  4239 | D:8      | Noticed a green ugly thing
  4300 | D:8      | Noticed a brown ugly thing
  4326 | D:8      | Found a transporter.
  4330 | D:8      | Found a transporter.
  4357 | D:8      | Killed a green ugly thing
  4357 | D:8      | Reached skill level 9 in Stealth
  4357 | D:8      | Reached skill level 11 in Earth Magic
  4363 | D:8      | Killed a purple ugly thing
  4363 | D:8      | Reached skill level 10 in Stealth
  4363 | D:8      | Reached XP level 10. HP: 42/75 MP: 0/13
  4368 | D:8      | Killed a purple ugly thing
  4372 | D:8      | Reached skill level 12 in Earth Magic
  4438 | D:9      | Found a shimmering altar of Xom.
  4438 | D:9      | Found a snail-covered altar of Cheibriados.
  4438 | D:9      | Found a sparkling altar of Nemelex Xobeh.
  4438 | D:9      | Found an opulent altar of Gozag.
  4443 | D:9      | Noticed a two-headed ogre
  4457 | D:9      | Noticed a two-headed ogre
  4479 | D:9      | Killed a two-headed ogre
  4479 | D:9      | Reached skill level 11 in Stealth
  4480 | D:9      | Killed a two-headed ogre
  4559 | D:9      | Found a staircase to the Lair.
  4599 | D:9      | Reached skill level 13 in Earth Magic
  4603 | D:9      | Reached ** piety under Makhleb
  4780 | D:9      | Reached skill level 12 in Stealth
  4940 | D:10     | Entered Level 10 of the Dungeon
  5115 | D:10     | Gained mutation: You have sharp toenails. [evolution]
  5191 | D:10     | Noticed Erolcha
  5198 | D:10     | Killed Erolcha
  5370 | D:11     | Reached XP level 11. HP: 68/81 MP: 10/14
  5387 | D:11     | Noticed a two-headed ogre
  5402 | D:11     | Killed a two-headed ogre
  5402 | D:11     | Reached skill level 14 in Earth Magic
  5423 | D:11     | Noticed a deep elf mage
  5425 | D:11     | Reached skill level 13 in Stealth
  5434 | D:11     | Killed an unseen horror
  5439 | D:11     | Killed a deep elf mage
  5460 | D:11     | Killed an unseen horror
  5479 | D:11     | Reached skill level 3 in Spellcasting
  5632 | D:11     | Killed an unseen horror
  5752 | D:11     | Learned a level 4 spell: Petrify
  5786 | D:11     | Reached skill level 1 in Transmutations
  5796 | D:11     | Noticed a two-headed ogre
  5807 | D:11     | Killed a two-headed ogre
  5905 | D:11     | Noticed a four-headed hydra
  5909 | D:11     | Killed a four-headed hydra
  5909 | D:11     | Reached skill level 4 in Spellcasting
  5909 | D:11     | Reached skill level 2 in Transmutations
  5909 | D:11     | Reached skill level 15 in Earth Magic
  5930 | D:11     | Identified a scroll of acquirement
  6001 | D:11     | Noticed a two-headed ogre
  6027 | D:11     | Killed a two-headed ogre
  6027 | D:11     | Reached *** piety under Makhleb
  6057 | D:12     | Reached skill level 3 in Transmutations
  6174 | D:12     | Found a staircase to the Orcish Mines.
  6254 | D:12     | Reached skill level 5 in Spellcasting
  6260 | D:12     | Noticed a brown ugly thing
  6270 | D:12     | Killed a brown ugly thing
  6270 | D:12     | Reached XP level 12. HP: 83/88 MP: 5/18
  6286 | D:12     | Reached **** piety under Makhleb
  6324 | D:12     | Found a snail-covered altar of Cheibriados.
  6325 | D:12     | Reached skill level 4 in Transmutations
  6326 | D:12     | Found Cheibriados's Comfort Zone.
  6372 | D:12     | Noticed a tengu warrior
  6373 | D:12     | Killed a tengu warrior
  6579 | D:12     | Noticed an ice dragon
  6705 | D:13     | You fall through a shaft for 2 floors!
  6705 | D:15     | Entered Level 15 of the Dungeon
  6711 | D:15     | Found Warorrum's Antique Armour Shoppe.
  6724 | D:15     | Bought a faintly glowing scale mail for 216 gold pieces
  6739 | D:15     | Identified the +1 scale mail "Fehaick" {*Drain rF+ Int+4}
                  | (You bought it in a shop on level 15 of the Dungeon)
  6787 | D:15     | Reached skill level 5 in Transmutations
  6787 | D:15     | Reached skill level 16 in Earth Magic
  6959 | D:13     | Found a gate leading to a gauntlet.
  6968 | Gauntlet | Entered a Gauntlet
  6968 | Gauntlet | Found a transporter.
  6971 | Gauntlet | Found a transporter.
  6973 | Gauntlet | Found a transporter.
  6989 | Gauntlet | Found a transporter.
  6990 | Gauntlet | Found a transporter.
  7003 | Gauntlet | Found a transporter.
  7016 | Gauntlet | Found a transporter.
  7025 | Gauntlet | Found a runed translucent door.
  7026 | Gauntlet | Found a transporter.
  7027 | Gauntlet | Found a runed translucent door.
  7035 | Gauntlet | Found a transporter.
  7052 | Gauntlet | Noticed a great orb of eyes
  7060 | Gauntlet | Found a transporter.
  7060 | Gauntlet | Found a transporter.
  7068 | Gauntlet | Found a transporter.
  7102 | Gauntlet | Found a transporter.
  7128 | Gauntlet | Reached skill level 6 in Spellcasting
  7158 | Gauntlet | Identified the +5 war axe of the Jolly Lovers {chop, MR+}
  7169 | Gauntlet | Found a transporter.
  7242 | Gauntlet | Reached ***** piety under Makhleb
  7288 | Gauntlet | Noticed a minotaur
  7296 | Gauntlet | HP: 20/88 [minotaur/javelin (19)]
  7303 | Gauntlet | HP: 17/88 [minotaur/+5 long sword of draining (3)]
  7304 | Gauntlet | Killed a minotaur
  7304 | Gauntlet | Reached skill level 1 in Armour
  7315 | Gauntlet | Got a faintly glowing chain mail
  7315 | Gauntlet | Got a transparent robe
  7328 | Gauntlet | Identified the +1 robe of Coronation {Dex+3 Stlth+} (You
                  | found it in a Gauntlet)
  7329 | Gauntlet | Identified the cursed +0 chain mail of the Special Allies
                  | {*Contam rC+ Dex+5} (You found it in a Gauntlet)
  7412 | D:13     | Reached skill level 6 in Transmutations
  7428 | D:13     | Reached skill level 2 in Armour
  7477 | D:13     | HP: 16/88 [large abomination (24)]
  7521 | D:13     | Got a steaming glass ring
  7523 | D:13     | Identified the ring of Conformity {rElec rPois rF+ Str-3}
                  | (You found it on level 13 of the Dungeon)
  7622 | D:13     | Reached skill level 3 in Armour
  7669 | D:13     | Noticed a centaur warrior
  7675 | D:13     | Killed a centaur warrior
  7675 | D:13     | Reached skill level 7 in Spellcasting
  7720 | D:13     | Reached XP level 13. HP: 94/94 MP: 11/22
  7821 | D:14     | Reached skill level 4 in Armour
  7929 | D:14     | Reached skill level 17 in Earth Magic
  7946 | D:14     | Reached skill level 7 in Transmutations
  7995 | D:14     | Reached skill level 1 in Shields
  8021 | D:14     | Reached skill level 5 in Armour
  8021 | D:14     | Reached skill level 2 in Shields
  8027 | D:14     | Found a gate to the Vaults.
  8140 | D:14     | Reached skill level 3 in Shields
  8232 | D:14     | HP: 20/94 [five-headed hydra (8)]
  8288 | D:14     | Reached skill level 4 in Shields
  8375 | D:14     | Reached skill level 8 in Spellcasting
  8473 | D:13     | Reached skill level 6 in Armour
  8523 | Orc:1    | Entered Level 1 of the Orcish Mines
  8523 | Orc:1    | Noticed Fannar
  8523 | Orc:1    | Noticed Josephine
  8525 | Orc:1    | Reached skill level 5 in Shields
  8525 | Orc:1    | Reached ****** piety under Makhleb
  8525 | Orc:1    | Killed Fannar
  8530 | Orc:1    | Killed Josephine
  8530 | Orc:1    | Reached skill level 8 in Transmutations
  8530 | Orc:1    | Reached skill level 6 in Shields
  8783 | Orc:2    | Entered Level 2 of the Orcish Mines
  8783 | Orc:2    | Found Xerhiof's Distillery.
  8848 | Orc:2    | Found a roughly hewn altar of Beogh.
  8916 | Orc:2    | Found a roughly hewn altar of Beogh.
  8964 | Orc:2    | Found a roughly hewn altar of Beogh.
  8988 | Orc:2    | Found a roughly hewn altar of Beogh.
  9103 | Orc:2    | Found a staircase to the Elven Halls.
  9136 | Orc:2    | Found a roughly hewn altar of Beogh.
  9138 | Orc:2    | Gained mutation: You resist negative energy. (rN+) [Deep
                  | Dwarf growth]
  9138 | Orc:2    | Reached XP level 14. HP: 102/102 MP: 13/25
  9147 | Orc:2    | Found Temoidif's Antique Armour Shoppe.
  9171 | Orc:2    | Bought a runed cloak for 202 gold pieces
  9222 | Orc:2    | Noticed an orc warlord
  9228 | Orc:2    | Reached skill level 7 in Armour
  9239 | Orc:2    | Killed an orc warlord
  9287 | Orc:2    | Found Kainooph's Antique Armour Shop.
  9288 | Orc:2    | Found a roughly hewn altar of Beogh.
  9289 | Orc:2    | Found Osaps's Antique Weapon Boutique.
  9342 | Orc:2    | Found a roughly hewn altar of Beogh.
  9345 | Orc:2    | Found Fotize's Assorted Antiques.
  9359 | Orc:2    | Bought a wand of paralysis (6) for 64 gold pieces
  9359 | Orc:2    | Bought a leatherbound book for 480 gold pieces
  9398 | Elf:1    | Entered Level 1 of the Elven Halls
  9477 | Elf:1    | Reached skill level 8 in Armour
  9477 | Elf:1    | Reached skill level 9 in Spellcasting
  9528 | Elf:1    | Reached skill level 9 in Transmutations
  9602 | Elf:1    | You fall through a shaft!
  9662 | Elf:2    | HP: 23/102 [deep elf archer/arrow (27)]
  9753 | Elf:2    | Reached skill level 9 in Armour
  9811 | Elf:2    | Identified the Compendium of Attacks
  9832 | Elf:3    | Entered Level 3 of the Elven Halls
  9987 | Elf:3    | Reached skill level 10 in Transmutations
 10012 | Elf:3    | Noticed a deep elf sorcerer
 10023 | Elf:3    | Killed a deep elf sorcerer
 10023 | Elf:3    | Reached skill level 10 in Spellcasting
 10088 | Elf:3    | Reached skill level 10 in Armour
 10089 | Elf:3    | Reached XP level 15. HP: 108/108 MP: 14/28
 10109 | Elf:3    | Noticed a deep elf blademaster
 10111 | Elf:3    | Noticed a deep elf master archer
 10118 | Elf:3    | Killed a deep elf blademaster
 10122 | Elf:3    | Noticed a deep elf sorcerer
 10124 | Elf:3    | Killed a deep elf master archer
 10126 | Elf:3    | Noticed a deep elf sorcerer
 10126 | Elf:3    | Identified the +3 eveningstar "Doryhej" {crush, -Tele MP+9
                  | Int+2}
 10128 | Elf:3    | Noticed a deep elf sorcerer
 10131 | Elf:3    | Killed a deep elf sorcerer
 10131 | Elf:3    | Killed a deep elf sorcerer
 10131 | Elf:3    | Killed a deep elf sorcerer
 10131 | Elf:3    | Reached skill level 11 in Armour
 10131 | Elf:3    | Reached skill level 18 in Earth Magic
 10133 | Elf:3    | Noticed a deep elf blademaster
 10133 | Elf:3    | Noticed a deep elf master archer
 10140 | Elf:3    | Killed a deep elf blademaster
 10143 | Elf:3    | Killed a deep elf master archer
 10162 | Elf:3    | Noticed a deep elf master archer
 10172 | Elf:3    | Noticed a deep elf sorcerer
 10177 | Elf:3    | Noticed a deep elf blademaster
 10177 | Elf:3    | Noticed a deep elf sorcerer
 10179 | Elf:3    | Noticed a deep elf master archer
 10181 | Elf:3    | HP: 1/108 [deep elf sorcerer/bolt of acid (28)]
 10181 | Elf:3    | Splashed by a deep elf sorcerer's acid

Skill      XL: |  1  2  3  4  5  6  7  8  9 10 11 12 13 14 15 |
---------------+----------------------------------------------+-----
Spellcasting   | 2 5 7 8 10 | 10.0
Earth Magic    | 5 6 9 11 13 15 16 17 18 | 18.5
Conjurations   | 1 |  1.4
Short Blades   | 1 3 5 6 |  6.4
Evocations     | 6 |  6.0
Stealth        | 6 10 12 13 | 13.3
Transmutations | 3 6 8 10 | 10.1
Armour         | 3 6 10 11 | 11.9
Shields        | 6 |  6.2
Fighting       | |  0.1
Dodging        | |  2.1

Action                   |  1- 3 |  4- 6 |  7- 9 | 10-12 | 13-15 || total
-------------------------+-------+-------+-------+-------+-------++-------
Melee: Club              |    16 |    18 |       |       |       ||    34
       Dagger            |       |   159 |   112 |   157 |   125 ||   553
       Kick              |       |       |       |     9 |       ||     9
       Staff             |       |       |       |     1 |       ||     1
 Cast: Sandblast         |    44 |    19 |   144 |   191 |   174 ||   572
       Passwall          |     7 |     7 |    28 |     9 |     9 ||    60
       Stone Arrow       |     1 |     9 |       |     2 |     1 ||    13
       Lee's Rapid Decon |       |       |     2 |    21 |    34 ||    57
       Petrify           |       |       |       |    19 |    17 ||    36
Invok: Lesser Servant of |       |       |       |       |     1 ||     1
 Abil: Heal Wounds       |       |       |     3 |       |       ||     3
Evoke: Wand              |       |     5 |    25 |    49 |    71 ||   150
       Phial of floods   |       |       |       |     3 |     5 ||     8
       Fan of gales      |       |       |       |     3 |     2 ||     5
       Lamp of fire      |       |       |       |     2 |     5 ||     7
  Use: Potion            |       |     7 |     5 |     1 |     2 ||    15
       Scroll            |       |       |    15 |    18 |    13 ||    46
 Stab: Sleeping          |       |     1 |    13 |    18 |    29 ||    61
       Paralysed         |       |       |     1 |     4 |     6 ||    11
       Invisible         |       |       |     2 |     1 |    11 ||    14
       Distracted        |       |       |       |     4 |     1 ||     5
       Petrified         |       |       |       |     5 |    12 ||    17
       Petrifying        |       |       |       |     1 |     7 ||     8
  Eat: Chunk             |       |     6 |     5 |    13 |    10 ||    34
       Ration            |       |       |     2 |     2 |     1 ||     5
Armor: Robe              |     8 |    68 |       |       |       ||    76
       Skin              |       |    57 |       |       |       ||    57
       Leather armour    |       |    86 |    75 |       |       ||   161
       Steam dragon scal |       |       |     8 |   113 |       ||   121
       Scale mail        |       |       |       |    45 |   114 ||   159
Dodge: Dodged            |    25 |   170 |   115 |   271 |   149 ||   730
Block: Buckler           |       |       |       |       |    59 ||    59

Levels and vault maps discovered:
D:1:      dpeg_arrival_round_a, layout_loops_corners
D:2:      lemuel_upstairs_altar, layout_basic, nicolae_tso_swordbearing_angel,
          kennysheep_generic_room_8
D:3:      wander_river, layout_loops_cross, portal_sewer_entry_c, first_ration,
          gammafunk_ghost_nasty_kobolds, uniq_sigmund, uniq_ijyb, uniq_natasha,
          uniq_crazy_yiuf_cottage
D:4:      layout_rooms, zin_statuary, st_stairs_8, uniq_robin, uniq_grinder
D:5:      layout_loops_cross, nicolae_dithmenos_shadow_blocks,
          nicolae_overflow_hidden_temple, minmay_temple_entry_poolview
D:6:      layout_rooms, lemuel_doored_altar, kennysheep_mini_moat,
          kennysheep_nondescript
D:7:      layout_basic, kennysheep_mini, chequers_mini_garden,
          kennysheep_opposing_triangles
D:8:      gammafunk_corrupted_shrine, layout_rooms,
          nicolae_overflow_crystal_walls
D:9:      layout_loops_cross, chequers_temple_overflow_statue_of_worship,
          david_lair_shrubbed, minmay_misc_feat_rugged
D:10:     layout_small_grid, uniq_erolcha
D:11:     layout_layer_cave, hangedman_stone_soup, grunt_ministairs_9
D:12:     layout_rooms, david_orc_4, minmay_shop_chei, ice2_lemuel
D:13:     layout_roguey, gauntlet_entry_generic, laboratory
D:14:     minmay_recursive_quarters, layout_loops_ring, erik_vaults_1,
          minivault_27
D:15:     grunt_enter_depths_giant_problem, layout_irregular_city,
          serial_bayou_shore_b, serial_shops,
          nicolae_shop_temple_entry_statues_fountains
Temple:   eino_temple_lava
Orc:1:    layout_diamond_mine, uniq_fannar, uniq_josephine
Orc:2:    grunt_orc_community_town_hall, layout_caves,
          grunt_orc_community_big_house_2, grunt_orc_community_big_house_2,
          grunt_orc_community_house_2, grunt_orc_community_house_1,
          grunt_orc_community_house_2, grunt_orc_community_house_2,
          grunt_orc_community_house_2, serial_shops, shop
Elf:1:    elf_arrival_002, layout_geoelf_grid, gammafunk_ghost_fury_of_okawaru,
          serial_shops, shop, minmay_elf_crystal_hexagon, uniq_donald
Elf:2:    layout_gridlike, minmay_misc_feat_diagonals, minivault_20,
          minmay_elf_annihilation, lemuel_elevator
Elf:3:    minmay_elf_hall_furrowed, layout_geoelf_octagon, nicolae_elf_w_pinch
Sewer:    sewer_the_crocodile
Gauntlet: minmay_gauntlet_77_tree [minmay_gauntlet_arena_77_mirror,
          minmay_gauntlet_arena_77_box, minmay_gauntlet_arena_77_mess,
          minmay_gauntlet_arena_77_double_cross,
          minmay_gauntlet_arena_77_broken_ladder,
          minmay_gauntlet_arena_77_cramped,
          minmay_gauntlet_arena_77_radiant_squares, gauntlet_exit_green]

Table legend:
 A = Turns spent in this place as a percentage of turns spent in the entire game.
 B = Non-inter-level travel turns spent in this place as a percentage of non-inter-level travel turns spent in the entire game.
 C = Inter-level travel turns spent in this place as a percentage of turns spent in this place.
 D = Turns resting spent in this place as a percentage of non-inter-level travel turns spent in this place.
 E = Turns spent auto-exploring this place as a percentage of non-inter-level travel turns spent in this place.
 F = Non-inter-level travel turns spent in this place divided by the number of levels of this place that you've seen.
                   A       B       C       D       E      F
               +-------+-------+-------+-------+-------+----------------------
         Total | 100.0 | 100.0 |   0.9 |   0.0 |   0.0 | 438.8
       Dungeon |  78.5 |  78.4 |   1.1 |   0.0 |   0.0 | 527.2
        Temple |   0.3 |   0.3 |   0.0 |   0.0 |   0.0 |  26.0
  Orcish Mines |   8.6 |   8.7 |   0.0 |   0.0 |   0.0 | 437.5
   Elven Halls |   7.7 |   7.8 |   0.0 |   0.0 |   0.0 | 261.0
         Sewer |   1.3 |   1.4 |   0.0 |   0.0 |   0.0 | 137.0
      Gauntlet |   3.6 |   3.6 |   0.0 |   0.0 |   0.0 | 363.0
               +-------+-------+-------+-------+-------+----------------------

Table legend:
 A = Kills in this place as a percentage of kills in entire the game.
 B = Kills by you in this place as a percentage of kills by you in the entire game.
 C = Kills by friends in this place as a percentage of kills by friends in the entire game.
 D = Other kills in this place as a percentage of other kills in the entire game.
 E = Experience gained in this place as a percentage of experience gained in the entire game.
 F = Experience gained in this place divided by the number of levels of this place that you have seen.
                   A       B       C       D       E      F
               +-------+-------+-------+-------+-------+----------------------
         Total | 100.0 | 100.0 | 100.0 | 100.0 | 100.0 | 5718.2
       Dungeon |  66.0 |  66.2 |  60.0 |   0.0 |  39.2 | 3435.5
  Orcish Mines |  18.7 |  18.7 |  20.0 |   0.0 |  12.2 | 8016.0
   Elven Halls |  11.7 |  11.5 |  20.0 | 100.0 |  45.2 | 19837.0
         Sewer |   1.0 |   1.0 |   0.0 |   0.0 |   0.1 | 139.0
      Gauntlet |   2.6 |   2.6 |   0.0 |   0.0 |   3.3 | 4305.0
               +-------+-------+-------+-------+-------+----------------------
